 Dungeon Crawl Stone Soup version 0.17-a0-1430-g49fde19 (webtiles) character file.

322 Television the Chopper (level 6, -3/47 HPs)
             Began as a Mummy Fighter on June 25, 2015.
             Slain by an ogre
             ... wielding a +0 giant club
              (15 damage)
             ... on level 4 of the Dungeon.
             The game lasted 00:07:19 (1323 turns).

Television the Chopper (Mummy Fighter)              Turns: 1323, Time: 00:07:19

Health: -3/47      AC: 11    Str: 19    XL:     6   Next: 22%
Magic:  6/6        EV:  4    Int:  7    God:
Gold:   112        SH:  9    Dex: 14    Spells: 0 memorised, 5 levels left

rFire  x . .     SeeInvis .     a - +2 war axe
rCold  + . .     Clarity  .     f - +0 chain mail
rNeg   + + +     SustAt   .     c - +0 shield
rPois  ∞         Gourm    .     l - +0 helmet
rElec  .         Spirit   .     (no cloak)
rCorr  .         Warding  .     h - +0 pair of gloves
rMut   .         Stasis   .     (no boots)
MR     .....                    (no amulet)
Stlth  ..........               (no ring)
                                e - ring of invisibility

@: about to teleport, not resistant to hostile enchantments, extremely
unstealthy
A: no food or potions, fire vulnerability, cold resistance 1, negative energy
resistance 3, torment resistance, unbreathing
a: Evoke Invisibility


You were on level 4 of the Dungeon.
You were not hungry.

You visited 1 branch of the dungeon, and saw 4 of its levels.

You collected 112 gold pieces.

Inventory:

Hand weapons
 a - a +2 war axe (weapon)
 k - a +7 club
Missiles
 i - 13 poisoned needles
Armour
 c - a +0 shield (worn)
 f - a +0 chain mail (worn)
 h - a +0 pair of gloves (worn)
 l - a +0 helmet (worn)
Jewellery
 e - a ring of invisibility (left hand)
Magical devices
 j - a wand of lightning (0)
Scrolls
 b - a scroll of teleportation
 d - a scroll of remove curse


   Skills:
 - Level 3.0 Fighting
 + Level 5.5 Axes
 - Level 2.4 Armour
 - Level 2.4 Shields


You had 5 spell levels left.
You didn't know any spells.

Dungeon Overview and Level Annotations

Branches:
Dungeon (4/15)
 Temple: D:4-7

Altars:


Innate Abilities, Weirdness & Mutations

You do not eat or drink.
Your flesh is vulnerable to fire.
You are immune to poison.
Your flesh is cold resistant.
You are immune to negative energy.
You are immune to unholy pain and torment.
You can survive without breathing.


Message History

Your shield and chain mail prevent you from hitting the ogre.
You block the ogre's attack.
You completely miss the ogre. The ogre barely misses you.
You closely miss the ogre. You block the ogre's attack.
Evoke which item? (* to show all) (? for menu, Esc to quit)
Zapping:
j - a wand of lightning {zapped: 8} (will waste charges)
Press: ? - help, Shift-Dir - straight line Nothing appears to happen.
The ogre hits you with a giant club.
Unknown command.
You hit the ogre.
The ogre is lightly wounded.
The ogre hits you with a giant club!
Your shield and chain mail prevent you from hitting the ogre.
The ogre is lightly wounded.
The ogre hits you with a giant club!
* * * LOW HITPOINT WARNING * * *
Read which item? (? for menu, Esc to quit)
As you read the scroll of teleportation, it crumbles to dust.
You feel strangely unstable. The ogre hits you with a giant club!
You die...

#....# .[(.#
######### (..
#[......#### #'#
#..........# #.#
#........#.#####.#.#
#........#.......#)#
#......))#########.#
#.####'#<# #.#..@Or#
#.#....#####.#.#####
#.#..........#.....#
#.##########.#####.#
#.....# #.......#
....#†# ## #..#....#
###.#.# .. #..#.##.#
#.#.##.# ##.#.##.#
#.#..#.######.##.#


You could see an ogre and a rat.

Vanquished Creatures
  Grinder (D:4)
  Robin (D:3)
  A gnoll (D:1)
  4 adders
  A worm (D:2)
  2 giant geckos (D:1)
  6 orcs
  7 bats
  A giant cockroach (D:3)
  12 goblins
  3 hobgoblins
  4 jackals (D:2)
  A quokka (D:2)
  7 giant newts
  6 kobolds
  4 rats
61 creatures vanquished.

Notes
Turn   | Place    | Note
--------------------------------------------------------------
     0 | D:1      | Television the Mummy Fighter began the quest for the Orb.
     0 | D:1      | Reached XP level 1. HP: 18/18 MP: 1/1
    95 | D:1      | Reached XP level 2. HP: 8/24 MP: 2/2
   564 | D:2      | Reached XP level 3. HP: 27/29 MP: 3/3
  1047 | D:3      | Reached XP level 4. HP: 24/35 MP: 4/4
  1050 | D:3      | Noticed Robin
  1135 | D:3      | Killed Robin
  1169 | D:3      | Reached skill level 4 in Axes
  1250 | D:4      | Noticed Grinder
  1253 | D:4      | Paralysed by Grinder for 7 turns
  1262 | D:4      | Killed Grinder
  1262 | D:4      | Reached skill level 5 in Axes
  1262 | D:4      | Reached XP level 5. HP: 31/41 MP: 5/5
  1262 | D:4      | Reached XP level 6. HP: 35/47 MP: 6/6
  1301 | D:4      | Noticed an ogre
  1323 | D:4      | Slain by an ogre

Vault maps used:
D:1:      co_arrival_square_in_a_square_in_a_square
D:2:      wad_pebble_path, uniq_natasha
D:3:      uniq_robin
D:4:      kennysheep_mini, first_bread, uniq_blork_the_orc, uniq_duvessa,
          uniq_sigmund, uniq_grinder

Action                   |  1- 3 |  4- 6 || total
-------------------------+-------+-------++-------
Melee: War axe           |   143 |    65 ||   208
Evoke: Wand              |       |     3 ||     3
  Use: Scroll            |     1 |     4 ||     5
